 Dungeon Crawl Stone Soup version 0.26-a0-40-gfe7b5d5a6f (webtiles) character file.

Game seed: 851617102298978065, levelgen mode: deterministic

683334 PolarisCt the Commander (level 27, 0/237 HPs)
             Began as a Hill Orc Fighter on May 25, 2020.
             Was a High Priest of Okawaru.
             Killed by divine providence
             ... invoked by a smoke demon
              (13 damage)
             ... on level 5 of the Abyss on May 31, 2020.
             The game lasted 06:46:16 (68274 turns).

PolarisCt the Commander (Hill Orc Fighter)         Turns: 68274, Time: 06:46:16

Health: 0/237      AC: 45    Str: 34    XL:     27
Magic:  45/45      EV: 14    Int: 11    God:    Okawaru [*****.]
Gold:   7042       SH: 32    Dex:  9    Spells: 36/40 levels left

rFire    + + +     SeeInvis +   g - +7 broad axe of the Final Friends {freeze, Str+2 SInv}
rCold    + + +     Gourm    .   A - +1 tower shield
rNeg     + + .     Faith    .   p - +12 gold dragon scales
rPois    +         Spirit   .   V - +2 helmet of the Realm of Zot {rC+ rN+ Regen+ Stlth-}
rElec    +         Reflect  +   E - scarf {rC+ rF+}
rCorr    .         Harm     .   t - +0 pair of gloves {Dex+3}
MR       ++...                  y - +1 pair of boots "Vaffom" {+Fly Str+3 Int+3}
Stlth    ..........             M - amulet of reflection
HPRegen  0.00/turn              P - ring "Avaun" {rF+ MP+9 Stlth-}
MPRegen  0.29/turn              j - ring of the Salmon {rElec rPois rN+ Str-3 SInv}

@: no status effects
A: blurry vision 1, clumsy 1[+1], frail 1, low mp 1, inhibited regeneration
}: 3/15 runes: barnacled, silver, gossamer
a: Heroism, Finesse, Renounce Religion, Evoke Flight


You were on level 5 of the Abyss.
You worshipped Okawaru.
Okawaru was extremely pleased with you.
You were not hungry.

You visited 9 branches of the dungeon, and saw 49 of its levels.
You visited the Abyss 4 times.
You visited 1 bazaar.
You also visited: Ice Cave and Volcano.

You collected 8745 gold pieces.
You spent 1703 gold pieces at shops.

Inventory:

Hand Weapons
 a - a +4 broad axe of electrocution
 g - the +7 broad axe of the Final Friends (weapon) {freeze, Str+2 SInv}
   (You acquired it on level 6 of the Lair of Beasts)

   It has been specially enchanted to freeze those struck by it, causing extra
   injury to most foes and up to half again as much damage against particularly
   susceptible opponents.
   It can also slow down cold-blooded creatures.
   It affects your strength (+2).
   It lets you see invisible.
 r - the +8 broad axe of Zein {vorpal, rC+ Int+2}
   (Okawaru gifted it to you on level 5 of the Vaults)

   It inflicts extra damage upon your enemies.
   It affects your intelligence (+2).
   It protects you from cold.
Armour
 b - a +0 cloak of magic resistance
 p - +12 gold dragon scales (worn)
 t - a +0 pair of gloves of dexterity (worn)
 y - the +1 pair of boots "Vaffom" (worn) {+Fly Str+3 Int+3}
   (Okawaru gifted it to you on level 3 of the Lair of Beasts)

   It affects your strength (+3).
   It affects your intelligence (+3).
   It lets you fly.
 A - a +1 tower shield (worn)
 E - a scarf of resistance (worn)
 V - the +2 helmet of the Realm of Zot (worn) {rC+ rN+ Regen+ Stlth-}
   (You found it on level 9 of the Dungeon)

   It protects you from cold.
   It protects you from negative energy.
   It increases your rate of regeneration.
   It makes you less stealthy.
Jewellery
 j - the ring of the Salmon (right hand) {rElec rPois rN+ Str-3 SInv}
   (You took it off a merfolk siren on level 4 of the Shoals)

   [ring of see invisible]

   It affects your strength (-3).
   It insulates you from electricity.
   It protects you from poison.
   It protects you from negative energy.
   It lets you see invisible.
 s - a ring of the Octopus King {rC+ AC+1 EV+1 Str+1 Int+1 Dex+1}
   (You found it on level 5 of the Vaults)

   [ring of protection from cold]

   It affects your AC (+1).
   It affects your evasion (+1).
   It affects your strength (+1).
   It affects your intelligence (+1).
   It affects your dexterity (+1).
   It protects you from cold.
 M - an amulet of reflection (around neck)
 P - the ring "Avaun" (left hand) {rF+ MP+9 Stlth-}
   (You bought it in a shop on level 2 of the Orcish Mines)

   [ring of attention]

   It protects you from fire.
   It affects your magic capacity (+9).
   It makes you less stealthy.
 T - an uncursed ring of protection from magic
 X - a cursed -4 ring of slaying {unknown}
Wands
 l - a wand of acid (12)
 G - a wand of iceblast (50)
 I - a wand of random effects (14)
 O - a wand of flame (18)
 R - a wand of enslavement (5)
 S - a wand of digging (32)
 U - a wand of paralysis (5)
Scrolls
 c - 4 scrolls of brand weapon
 e - 2 scrolls of summoning
 i - 29 scrolls of remove curse
 k - 21 scrolls of teleportation
 m - 23 scrolls of identify
 w - a scroll of enchant armour
 x - 5 scrolls of amnesia
 C - 5 scrolls of magic mapping
 D - 9 scrolls of fog
 F - 8 scrolls of enchant weapon
 L - 3 scrolls of blinking
 N - 2 scrolls of holy word
 Q - 9 scrolls of fear
 W - 4 scrolls of silence
 Y - a scroll of torment
 Z - 7 scrolls of immolation
Potions
 d - 4 potions of resistance
 n - 5 potions of invisibility
 o - a potion of magic
 q - 7 potions of mutation
 u - 4 potions of ambrosia
 v - 7 potions of haste
 z - 14 potions of might
 B - a potion of flight
 H - a potion of cancellation
 J - 19 potions of curing
 K - 4 potions of berserk rage
Comestibles
 f - 83 rations


   Skills:
 - Level 24.7 Fighting
 - Level 18.0 Axes
 - Level 22.6 Armour
 + Level 15.4 Dodging
 - Level 23.1 Shields
 - Level 7.0 Spellcasting
 - Level 6.0 Summonings
 - Level 6.0 Air Magic
 O Level 27 Invocations
 - Level 6.0 Evocations


You had 36 spell levels left.
You knew the following spells:

 Your Spells              Type           Power        Failure   Level  Hunger
a - Summon Lightning Spi  Summ/Air       ###.....     75%         4    ####...

Your spell library contained the following spells:

 Spells                   Type           Power        Failure   Level  Hunger
 Summon Butterflies       Summ           ###.....     12%         1    None
 Summon Small Mammal      Summ           ###.         12%         1    None
 Call Imp                 Summ           ###.....     19%         2    ##.....
 Call Canine Familiar     Summ           ###.....     34%         3    ###....
 Shock                    Conj/Air       ##..         38%         1    None
 Poisonous Vapours        Pois/Air       ##....       52%         2    ##.....
 Swiftness                Chrm/Air       ##......     52%         2    ##.....
 Recall                   Summ/Tloc      N/A          77%         3    ###....
 Summon Guardian Golem    Hex/Summ       ##......     77%         3    ###....
 Animate Skeleton         Necr           N/A          80%         1    None
 Apportation              Tloc           #.....       80%         1    None
 Beastly Appendage        Tmut           #.....       80%         1    None
 Corona                   Hex            #......      80%         1    None
 Foxfire                  Conj/Fire      #...         80%         1    None
 Magic Dart               Conj           #...         80%         1    None
 Sting                    Tmut/Pois      #...         80%         1    None
 Mephitic Cloud           Conj/Pois/Air  #.......     88%         3    ###....
 Blink                    Tloc           N/A          91%         2    ##.....
 Ensorcelled Hibernation  Hex/Ice        #.....       91%         2    ##.....
 Shroud of Golubria       Chrm/Tloc      #.....       91%         2    ##.....
 Slow                     Hex            #.......     91%         2    ##.....
 Song of Slaying          Chrm           #.......     91%         2    ##.....
 Sticks to Snakes         Tmut           #.......     91%         2    ##.....
 Aura of Abjuration       Summ           ###.......   97%         5    ######.
 Summon Demon             Summ           ###.......   97%         5    ######.
 Confusing Touch          Hex            #.......     99%         3    ###....
 Conjure Flame            Conj/Fire      #.......     99%         3    ###....
 Dazzling Flash           Conj/Hex       #.....       99%         3    ###....
 Gell's Gravitas          Tloc           #.........   99%         3    ###....
 Ignite Poison            Fire/Tmut/Pois #.......     99%         3    ###....
 Inner Flame              Hex/Fire       #.......     99%         3    ###....
 Lesser Beckoning         Tloc           #.........   99%         3    ###....
 Ozocubu's Armour         Chrm/Ice       #.......     99%         3    ###....
 Spider Form              Tmut/Pois      #.........   99%         3    ###....
 Teleport Other           Tloc           #.......     99%         3    ###....
 Tukima's Dance           Hex            #.......     99%         3    ###....
 Summon Ice Beast         Ice/Summ       ##......     99%         4    ####...
 Animate Dead             Necr           N/A          100%        4    ####...
 Cause Fear               Hex            #.........   100%        4    ####...
 Ice Form                 Ice/Tmut       #.......     100%        4    ####...
 Olgreb's Toxic Radiance  Pois           #.......     100%        4    ####...
 Passage of Golubria      Tloc           N/A          100%        4    ####...
 Petrify                  Tmut/Erth      #.......     100%        4    ####...
 Sticky Flame             Conj/Fire      #.......     100%        4    ####...
 Blade Hands              Tmut           #.........   100%        5    ######.
 Bolt of Magma            Conj/Fire/Erth #.........   100%        5    ######.
 Borgnjor's Vile Clutch   Necr/Erth      #.........   100%        5    ######.
 Fireball                 Conj/Fire      #.........   100%        5    ######.
 Iskenderun's Battlesphe  Conj/Chrm      #.......     100%        5    ######.
 Metabolic Englaciation   Hex/Ice        #.........   100%        5    ######.
 Silence                  Hex/Air        ##........   100%        5    ######.
 Summon Forest            Summ/Tloc      ##........   100%        5    ######.
 Summon Mana Viper        Hex/Summ       ##......     100%        5    ######.
 Yara's Violent Unravell  Hex/Tmut       #.........   100%        5    ######.
 Conjure Ball Lightning   Conj/Air       ##........   100%        6    #######
 Darkness                 Hex            #.........   100%        6    #######
 Death Channel            Necr           #.........   100%        6    #######
 Freezing Cloud           Conj/Ice/Air   #.........   100%        6    #######
 Iron Shot                Conj/Erth      #.........   100%        6    #######
 Ozocubu's Refrigeration  Ice            #.........   100%        6    #######
 Shadow Creatures         Summ           N/A          100%        6    #######
 Simulacrum               Ice/Necr       #.........   100%        6    #######
 Malign Gateway           Summ/Tloc      ##........   100%        7    #######
 Orb of Destruction       Conj           #.........   100%        7    #######
 Ring of Flames           Chrm/Fire      #.........   100%        7    #######
 Spellforged Servitor     Conj/Summ      ##........   100%        7    #######
 Summon Hydra             Summ           ###.......   100%        7    #######
 Discord                  Hex            #.........   100%        8    #######
 Tornado                  Air            ###.......   100%        9    #######


Dungeon Overview and Level Annotations

Branches:
Dungeon (15/15)            Temple (0/1) D:7            Lair (6/6) D:11
 Shoals (4/4) Lair:2       Spider (4/4) Lair:2        Slime (0/5) Lair:6
    Orc (2/2) D:11            Elf (3/3) Orc:2        Vaults (5/5) D:13
  Crypt (0/3) Vaults:3     Depths (5/5) D:15            Zot (5/5) Depths:5
  IceCv (visited)         Volcano (visited)

Altars:
Dithmenos
Fedhas
Hepliaklqana
Kikubaaqudgha
Makhleb
Okawaru
Trog
Uskayaw
Vehumet
Xom
Yredelemnul
Zin
Beogh
Jiyva

Shops:
D:5 [   D:15 :   Orc:2 ==?[   Elf:2 =}   Shoals:1 :   Vaults:2 =   Vaults:5 (
Depths:1 (

Portals:
Hell: Depths:1 Depths:2 Depths:3 Depths:4 Depths:5
Abyss: Depths:1 Depths:3 Depths:4
Pandemonium: Depths:3
Ziggurat: Depths:5
Trove: D:15 (give 2 scrolls of acquirement)

Annotations:
D:4 1 runed translucent door, Crazy Yiuf
Lair:3 exclusion: oklob plant
Lair:6 1 runed translucent door, exclusion: 3 oklob plants
Shoals:4 exclusion: 2 oklob plants
Zot:1 1 runed translucent door, Lafuixat's ghost, legendary MfGl


Innate Abilities, Weirdness & Mutations

Scrolls take you a little longer to read.
You are frail. (-10% HP)
Your magical capacity is low. (-10% MP)
You do not regenerate when monsters are visible.
[You are very clumsy. (Dex -4)]


Message History

The living lightning misses you.
The living lightning hits the raiju.
The raiju completely resists.
The raiju blinks!
A wretched star comes into view.
The wretched star glows turbulently.
The lance of force hits you!!
* * * LOW HITPOINT WARNING * * *
You are knocked back by the lance of force.
You collide with the starcursed mass!
The starcursed mass is destroyed!
You block the large abomination's attack.
A starcursed mass splits.
You block the raiju's attack.
A large abomination comes into view.
A starcursed mass splits.
The lurking horror explodes!
Your body is wracked with pain!
* * * LOW HITPOINT WARNING * * *
The killer bee convulses!
The raiju convulses! x5
The smoke demon gestures at you. Something smites you!
You die...

###. #. # # '
###...###..# ##.
##.##.....## . #
..##...#......#
###
.##.#.#.##....##
..........3###x##
...........##...##
........).###††..#
.......@#.*x.†#..#
....XXhyX###.....#
.X...X..*hh..##.#
.#...#..§#h.##.##
##.###.###5.h. #..
#... .##..# ...
...#... ..# #.
##.# #.# .# .. ..
..


You could see 3 starcursed masses, a wretched star, 2 large abominations, a
smoke demon, 5 raiju, a killer bee and an ufetubus (summoned).

Vanquished Creatures
  5 ancient liches
  An orb of fire (Zot:1)
  A juggernaut (Depths:2)
  Saint Roka (Depths:5)
  A curse toe (Zot:3)
  3 Killer Klowns
  2 caustic shrikes (Depths:4)
  Nikola (Spider:4)
  9 golden dragons
  A golden dragon (shapeshifter) (Depths:3)
  A bone dragon (Abyss:5)
  The ghost of Owio the Warrior, an adept MiGl of Okawaru (Vaults:4)
  4 electric golems
  Asterion (Vaults:1)
  5 liches
  The ghost of walterwhite the Severer, an adept FoFi of Okawaru (Elf:1)
  22 Orb Guardians (Zot:5)
  11 tentacled monstrosities
  4 quicksilver dragons
  4 titans
  Polyphemus (Shoals:2)
  3 deep elf blademasters
  2 deep elf master archers (Elf:3)
  An acid blob (shapeshifter) (Depths:3)
  6 sphinxes
  2 tentacled starspawn (Abyss:5)
  A thorn hunter (Abyss:3)
  9 shadow dragons
  An Executioner (Abyss:5)
  A storm dragon (shapeshifter) (Depths:3)
  9 death cobs
  Roxanne (Shoals:3)
  14 tengu reavers
  6 draconian monks
  11 storm dragons
  9 fire giants
  Ilsuiw (Shoals:2)
  The ghost of Nataf the Eviscerator, an adept FeFi of Dithmenos (Elf:2)
  5 deep elf sorcerers
  8 frost giants
  An iron dragon (Depths:4)
  9 ghost moths
  6 draconian knights
  An angel (Abyss:3)
  23 vault wardens
  A ghost moth (shapeshifter) (Depths:2)
  An iron dragon (shapeshifter) (Depths:3)
  A cacodemon (Abyss:5)
  2 orc warlords (D:11)
  5 draconian scorchers
  8 emperor scorpions
  7 deep elf elementalists
  Louise (Spider:1)
  3 war gargoyles
  7 draconian shifters
  21 stone giants
  5 draconian annihilators
  5 draconian stormcallers
  2 spriggan defenders (Vaults:1)
  17 very ugly things
  18 ironheart preservers
  11 green draconians
  4 vampire knights
  16 black draconians
  7 purple draconians
  10 entropy weavers
  12 deep elf demonologists
  A lorocyproca (Abyss:5)
  7 spark wasps
  8 white draconians
  13 deep elf annihilators
  15 yellow draconians
  11 red draconians
  2 dire elephants
  10 ettins
  2 jiangshi (Abyss:5)
  10 deep elf death magi
  Josephine (Lair:4)
  8 merfolk impalers
  15 yaktaur captains
  3 merfolk javelineers
  A great orb of eyes (shapeshifter) (Depths:3)
  A ragged hierophant (Vaults:2)
  A crystal guardian (Depths:3)
  10 fire dragons
  2 hydras (shapeshifter) (Depths:2)
  21 ogre magi
  6 deep elf high priests
  37 vault guards
  5 great orbs of eyes
  13 ice dragons
  12 hydras
  12 centaur warriors
  11 rakshasas
  8 spriggan air magi
  A hell beast (Depths:5)
  An alligator snapping turtle (Shoals:3)
  A catoblepas (shapeshifter) (Depths:3)
  A death knight (Vaults:3)
  6 merfolk aquamancers
  2 catoblepae
  25 dancing weapons
  3 merfolk avatars
  9 deep troll shamans
  5 tengu warriors
  3 satyrs
  Urug (Orc:1)
  A queen ant (Spider:4)
  56 two-headed ogres
  3 orc high priests (Orc:2)
  2 vampire magi
  8 death yaks
  14 deep troll earth magi
  5 spriggan berserkers
  A thrashing horror (Abyss:3)
  27 deep elf knights
  A soul eater (Vaults:3)
  2 shock serpents (Depths:3)
  2 spriggans (Depths:4)
  An iron troll (Depths:5)
  11 large abominations
  6 wretched stars (Abyss:5)
  A shadow wraith (Abyss:5)
  2 sixfirhies (Abyss:5)
  9 hell knights
  A fire crab (shapeshifter) (Vaults:3)
  2 spatial maelstroms (Abyss:5)
  A skeletal warrior (Vaults:3)
  3 unseen horrors
  24 deep trolls
  11 sea snakes
  4 glowing orange brains
  A deep troll (shapeshifter) (Vaults:2)
  4 lindwurms (Lair:6)
  2 flayed ghosts
  3 wizards
  A sea snake (shapeshifter) (Depths:2)
  6 phantasmal warriors
  Pikel (D:6)
  20 deep elf archers
  An anaconda skeleton (Abyss:5)
  A tengu zombie (Vaults:3)
  32 wolf spiders
  39 ugly things
  12 orc knights
  A mana viper (shapeshifter) (Depths:1)
  A harpy (shapeshifter) (D:15)
  25 ironbrand convokers
  15 harpies
  6 necromancers
  A wolf spider zombie (D:13)
  A sphinx skeleton (Depths:5)
  25 orb spiders
  An oklob plant (Shoals:2)
  A cyclops (shapeshifter) (Vaults:5)
  A frost giant zombie (Vaults:3)
  78 deep elf magi
  A stone giant zombie (Vaults:3)
  8 cyclopes
  14 fauns
  7 orc sorcerers
  10 manticores
  16 elephants (Lair:6)
  22 moths of wrath
  A shining eye (shapeshifter) (D:15)
  5 worldbinders
  3 black mambas (Lair:6)
  A rust devil (Depths:5)
  A stone giant skeleton (Vaults:3)
  A guardian serpent (shapeshifter) (Vaults:2)
  A guardian serpent (Abyss:5)
  Joseph (D:7)
  17 vault sentinels
  A gargoyle (D:10)
  9 merfolk sirens
  7 water nymphs
  A centaur zombie (D:11)
  A frost giant skeleton (Vaults:3)
  6 torpor snails (Lair:6)
  An ice statue (IceCv)
  A molten gargoyle (Depths:2)
  2 spiny frogs (shapeshifter)
  5 smoke demons
  3 naga magi (Depths:3)
  13 spiny frogs
  A storm dragon simulacrum (Vaults:2)
  5 spectral swamp worms (Depths:4)
  6 rime drakes
  2 efreet (Abyss:5)
  A tormentor (Abyss:5)
  3 ancient zymes (Abyss:5)
  5 freezing wraiths
  8 komodo dragons
  36 yaktaurs
  A yaktaur zombie (Vaults:2)
  3 tengu conjurers
  14 demonic crawlers
  A hellwing (Abyss:5)
  A red devil (Depths:5)
  5 small abominations
  34 jumping spiders
  A meliai (shapeshifter) (Vaults:2)
  28 merfolk
  13 polar bears (IceCv)
  A jumping spider (shapeshifter) (Depths:2)
  A meliai (Abyss:5)
  A wind drake (shapeshifter) (Vaults:5)
  5 trolls
  A wind drake (Shoals:3)
  A polar bear (shapeshifter) (Vaults:2)
  7 raiju
  9 blink frogs (Lair:6)
  33 slime creatures
  3 saltlings (Vaults:2)
  15 hornets
  10 hippogriffs
  3 tyrant leeches (Lair:6)
  25 dream sheep
  2 human simulacra
  10 snapping turtles
  A stone giant simulacrum (Vaults:3)
  2 air elementals
  2 vampires
  12 flying skulls (Abyss:5)
  36 starcursed masses
  A spriggan (shapeshifter) (Vaults:5)
  A shadow (Abyss:5)
  A tarantella (shapeshifter) (D:13)
  32 tarantellas
  2 ettin skeletons
  Sigmund (D:2)
  2 ynoxinuls (Abyss:5)
  68 redbacks
  5 wyverns
  A human (shapeshifter) (Elf:3)
  A basilisk (shapeshifter) (Vaults:4)
  22 water elementals
  8 wraiths
  48 yaks
  A yak (shapeshifter) (Vaults:1)
  Eustachio (D:6)
  A chaos spawn (Abyss:5)
  A golden eye (shapeshifter) (Vaults:1)
  7 basilisks
  A fire elemental (Elf:2)
  A hungry ghost (D:14)
  3 neqoxecs (Abyss:5)
  Menkaure (D:6)
  4 insubstantial wisps (Abyss:5)
  5 wargs
  A naga (shapeshifter) (D:15)
  A soldier ant (shapeshifter) (Depths:5)
  12 soldier ants (Spider:4)
  An acid dragon (D:14)
  13 water moccasins
  Duvessa (D:4)
  10 hell hounds
  5 porcupines
  A floating eye (shapeshifter) (Vaults:5)
  59 orc warriors
  A slave (D:6)
  An elf zombie (Vaults:3)
  A phantom (D:7)
  6 sky beasts
  6 ice beasts
  3 black bears
  A black bear (shapeshifter) (Elf:2)
  57 ogres
  An eye of draining (shapeshifter) (D:15)
  20 centaurs
  2 eyes of draining
  12 boggarts
  11 wolves
  A centaur (shapeshifter) (Vaults:4)
  An elf simulacrum (Depths:5)
  17 crocodiles
  A big kobold (D:14)
  Blork the orc (D:4)
  11 bullfrogs
  A wyvern zombie (D:13)
  2 human skeletons (Vaults:2)
  Dowan (D:4)
  An earth elemental (Elf:3)
  A scorpion (D:6)
  A wyvern skeleton (D:13)
  A scorpion (shapeshifter) (Vaults:1)
  An orc simulacrum (Vaults:1)
  2 water moccasin skeletons
  18 killer bees
  6 wights
  4 howler monkeys
  4 electric eels
  5 bullfrog zombies
  6 crimson imps
  3 iron imps (D:4)
  2 centaur skeletons (D:9)
  28 orc priests
  4 hounds
  12 jellies
  2 bullfrog skeletons
  36 orc wizards
  Terence (D:3)
  3 iguanas
  27 worker ants
  A worker ant zombie (D:7)
  13 adders
  7 shadow imps
  22 oozes
  An adder zombie (D:7)
  A worm (shapeshifter) (Vaults:1)
  A dart slug (D:2)
  8 leopard geckos
  106 orcs
  9 giant cockroaches
  11 goblins
  4 hobgoblins
  12 jackals
  11 kobolds
  3 quokkas
  A ball python (D:6)
  A bat (shapeshifter) (Depths:4)
  6 bats
  8 frilled lizards
  4 rats
  A crawling corpse (Vaults:3)
  3 fungi
  48 plants
  5 starspawn tentacles (Abyss:5)
2599 creatures vanquished.

Vanquished Creatures (others)
  A lich (Depths:3)
  A draconian knight (Depths:5)
  A draconian shifter (Zot:2)
  A rakshasa (D:15)
  A deep elf knight (Depths:5)
  A deep elf mage (Elf:1)
  An orb spider (Spider:4)
  A wolf spider (Spider:4)
  A manticore (Shoals:2)
  A tengu conjurer (Depths:4)
  A raiju (Abyss:5)
  A snapping turtle (Shoals:4)
  A shock serpent simulacrum (Abyss:5)
  A centaur (D:14)
  2 starcursed masses (Abyss:5)
  An orc priest (Orc:2)
  2 worker ants (Spider:4)
  An orc (D:15)
  2 bushes (Lair:6)
  19 fungi
  2 lurking horrors (Abyss:5)
  54 plants
  14 starspawn tentacles (Abyss:5)
  A withered plant (Elf:2)
112 creatures vanquished.

Grand Total: 2711 creatures vanquished

Notes
Turn   | Place    | Note
-------+----------+-------------------------------------------
     0 | D:1      | PolarisCt the Hill Orc Fighter began the quest for the Orb.
     0 | D:1      | Reached XP level 1. HP: 19/19 MP: 1/1
   159 | D:1      | Reached XP level 2. HP: 25/27 MP: 2/2
   766 | D:2      | Reached XP level 3. HP: 33/33 MP: 3/3
  1053 | D:2      | Reached XP level 4. HP: 39/40 MP: 4/4
  1161 | D:2      | Found a hazy altar of Hepliaklqana.
  1162 | D:2      | Found a shadowy altar of Dithmenos.
  1162 | D:2      | Noticed a shadow
  1387 | D:2      | Noticed Sigmund
  1407 | D:2      | Killed Sigmund
  1407 | D:2      | Reached skill level 5 in Axes
  1407 | D:2      | Reached XP level 5. HP: 32/47 MP: 5/5
  1598 | D:2      | Reached XP level 6. HP: 51/53 MP: 6/6
  1667 | D:3      | Found an iron altar of Okawaru.
  1734 | D:3      | Became a worshipper of Warmaster Okawaru
  1953 | D:3      | Noticed Terence
  2121 | D:2      | Reached skill level 5 in Fighting
  2121 | D:2      | Reached skill level 1 in Invocations
  2382 | D:4      | Reached XP level 7. HP: 53/61 MP: 6/8
  2595 | D:3      | Reached * piety under Okawaru
  2669 | D:3      | Reached skill level 2 in Invocations
  2873 | D:3      | Killed Terence
  3126 | D:4      | Reached skill level 5 in Armour
  3126 | D:4      | Reached skill level 5 in Shields
  3235 | D:4      | Noticed Duvessa
  3251 | D:4      | Noticed Dowan
  3255 | D:4      | Killed Duvessa
  3276 | D:4      | Killed Dowan
  3276 | D:4      | Reached skill level 3 in Invocations
  3276 | D:4      | Reached XP level 8. HP: 56/70 MP: 10/10
  3365 | D:4      | Found a runed translucent door.
  3366 | D:4      | Noticed Crazy Yiuf
  3469 | D:4      | Noticed Blork the orc
  3489 | D:4      | Killed Blork the orc
  3594 | D:4      | Found a burning altar of Makhleb.
  3972 | D:5      | Entered Level 5 of the Dungeon
  4574 | D:5      | Found Qufoshrou's Antique Armour Emporium.
  4580 | D:5      | Bought an embroidered scarf for 200 gold pieces
  4657 | D:5      | Found a hide-covered altar of Uskayaw.
  4889 | D:6      | Noticed Eustachio
  4899 | D:6      | Reached skill level 4 in Invocations
  4967 | D:6      | Killed Eustachio
  5070 | D:6      | Noticed Pikel
  5098 | D:6      | Killed Pikel
  5098 | D:6      | Reached ** piety under Okawaru
  5098 | D:6      | Reached skill level 5 in Invocations
  5098 | D:6      | Reached XP level 9. HP: 77/78 MP: 10/12
  5383 | D:6      | Reached skill level 10 in Axes
  5858 | D:6      | Noticed Menkaure
  5873 | D:6      | Killed Menkaure
  5873 | D:6      | Reached *** piety under Okawaru
  6398 | D:7      | Found a bloodstained altar of Trog.
  6844 | D:7      | Reached skill level 6 in Invocations
  7000 | D:7      | Found a blossoming altar of Fedhas.
  7231 | D:7      | Reached XP level 10. HP: 84/88 MP: 11/14
  7676 | D:7      | Found a staircase to the Ecumenical Temple.
  7678 | D:7      | Noticed Joseph
  7715 | D:7      | Killed Joseph
  7715 | D:7      | Reached **** piety under Okawaru
  7908 | D:8      | Reached skill level 7 in Invocations
  8247 | D:8      | Received a gift from Okawaru
  8512 | D:8      | Found a blossoming altar of Fedhas.
  8759 | D:8      | Upgraded the game from 0.26-a0-18-g135ff06667 to
                  | 0.26-a0-21-gf97e55dc39
  9967 | D:9      | Got a smoking helmet
  9984 | D:9      | Identified the +2 helmet of the Realm of Zot {rC+ rN+
                  | Regen+ Stlth-} (You found it on level 9 of the Dungeon)
 10443 | D:9      | Found an ancient bone altar of Kikubaaqudgha.
 10455 | D:9      | Found a shimmering altar of Xom.
 10619 | D:9      | Found a glowing silver altar of Zin.
 10620 | D:9      | Noticed an angel
 10928 | D:10     | Entered Level 10 of the Dungeon
 10987 | D:10     | Reached skill level 8 in Invocations
 10987 | D:10     | Reached XP level 11. HP: 95/95 MP: 15/17
 11236 | D:10     | Noticed a two-headed ogre
 11253 | D:10     | Killed a two-headed ogre
 11358 | D:10     | Noticed a brown ugly thing
 11374 | D:10     | Killed a brown ugly thing
 11958 | D:10     | Noticed a hell knight
 12142 | D:11     | Reached ***** piety under Okawaru
 12142 | D:11     | Reached skill level 1 in Evocations
 12216 | D:11     | Noticed a five-headed hydra
 12231 | D:11     | Killed a five-headed hydra
 12238 | D:11     | Reached skill level 9 in Invocations
 12292 | D:11     | Found a staircase to the Lair.
 12452 | D:11     | Found a roughly hewn altar of Beogh.
 12452 | D:11     | Found a staircase to the Orcish Mines.
 12760 | D:11     | Received a gift from Okawaru
 13153 | D:12     | Killed an unseen horror
 13251 | D:12     | Reached skill level 10 in Fighting
 13584 | Lair:1   | Entered Level 1 of the Lair of Beasts
 13593 | Lair:1   | Reached XP level 12. HP: 99/106 MP: 19/19
 13716 | Lair:1   | Found a dark tunnel.
 13725 | Volcano  | Entered a volcano
 13823 | Volcano  | Noticed an ogre mage
 13832 | Volcano  | Killed an ogre mage
 13839 | Volcano  | Noticed a two-headed ogre
 13839 | Volcano  | Noticed a two-headed ogre
 13853 | Volcano  | Killed a two-headed ogre
 13857 | Volcano  | Killed a two-headed ogre
 13981 | Volcano  | Noticed a two-headed ogre
 13988 | Volcano  | Killed a two-headed ogre
 13988 | Volcano  | Received a gift from Okawaru
 14024 | Volcano  | Noticed a two-headed ogre
 14038 | Volcano  | Killed a two-headed ogre
 14231 | Lair:1   | Reached skill level 10 in Invocations
 14831 | Lair:1   | Got a heavily runed bronze ring
 15042 | Lair:2   | You fall into a shaft and drop 2 floors!
 15126 | Lair:2   | Received a gift from Okawaru
 15131 | Lair:2   | Got a twisted lajatang {god gift}
 15137 | Lair:2   | Identified the +9 lajatang of Duix {antimagic, Str+2}
                  | (Okawaru gifted it to you on level 2 of the Lair of Beasts)
 15234 | Lair:2   | Noticed a six-headed hydra
 15242 | Lair:2   | Killed a three-headed hydra
 15242 | Lair:2   | Reached skill level 15 in Axes
 15378 | Lair:2   | Found a hole to the Spider Nest.
 15466 | Lair:2   | Noticed a seven-headed hydra
 15477 | Lair:2   | Killed a three-headed hydra
 15511 | Lair:2   | Reached skill level 10 in Armour
 15667 | Lair:2   | Found a staircase to the Shoals.
 15838 | Lair:2   | Noticed a four-headed hydra
 15844 | Lair:2   | Killed a two-headed hydra
 15844 | Lair:2   | Reached skill level 10 in Shields
 15844 | Lair:2   | Reached XP level 13. HP: 105/115 MP: 17/20
 15940 | Lair:2   | Identified the ring "Hiavo" {Ice MR+} (You found it on
                  | level 1 of the Lair of Beasts)
 16219 | Lair:3   | Reached skill level 5 in Evocations
 16441 | Lair:3   | Got a sparkling pewter ring
 16994 | Lair:3   | Identified the ring "Xeta Banauco" {*Slow rElec MR+ Str+3}
                  | (You found it on level 3 of the Lair of Beasts)
 17082 | Lair:3   | Received a gift from Okawaru
 17085 | Lair:3   | Got a pair of masterwork boots {god gift}
 17094 | Lair:3   | Identified the +1 pair of boots "Vaffom" {+Fly Str+3 Int+3}
                  | (Okawaru gifted it to you on level 3 of the Lair of Beasts)
 17100 | Lair:4   | Noticed Josephine
 17130 | Lair:4   | Killed Josephine
 17130 | Lair:4   | Reached skill level 11 in Invocations
 18051 | Lair:5   | Found a frozen archway.
 18073 | IceCv    | Entered an ice cave
 18559 | IceCv    | Noticed a frost giant
 18582 | IceCv    | Killed a frost giant
 18649 | IceCv    | Found the +3 giant club "Skullcrusher" {speed, Str+7}
 18682 | IceCv    | Identified a scroll of acquirement
 19054 | Lair:5   | Received a gift from Okawaru
 19059 | Lair:5   | Reached XP level 14. HP: 76/125 MP: 22/22
 19705 | Lair:5   | Reached skill level 12 in Invocations
 19891 | Lair:6   | Entered Level 6 of the Lair of Beasts
 20124 | Lair:6   | Received a gift from Okawaru
 20281 | Lair:6   | Reached ****** piety under Okawaru
 20479 | Lair:6   | Noticed a dire elephant
 20604 | Lair:6   | Killed a dire elephant
 20870 | Lair:6   | Found a runed translucent door.
 20870 | Lair:6   | Found a viscous altar of Jiyva.
 21063 | Lair:6   | Noticed an acid blob
 21064 | Lair:6   | Found a staircase to the Slime Pits.
 21064 | Lair:6   | Noticed an acid blob
 21064 | Lair:6   | Noticed an acid blob
 21181 | Lair:6   | Received a gift from Okawaru
 21181 | Lair:6   | Reached XP level 15. HP: 119/134 MP: 24/24
 21201 | Lair:6   | Got the +7 broad axe of the Final Friends {freeze, Str+2
                  | SInv}
 21261 | Lair:6   | Reached skill level 13 in Invocations
 21267 | Lair:6   | Found a runed translucent door.
 21995 | Lair:6   | Got a steaming spear
 21995 | Lair:6   | Identified the +5 spear of the Iron City of Dis {drain,
                  | Fragile Dex+3} (You found it on level 6 of the Lair of
                  | Beasts)
 22368 | Orc:1    | Entered Level 1 of the Orcish Mines
 22403 | Orc:1    | Noticed an orc warlord
 22403 | Orc:1    | Noticed an orc warlord
 22417 | D:11     | Killed an orc warlord
 22417 | D:11     | Received a gift from Okawaru
 22418 | D:11     | Killed an orc warlord
 22727 | Orc:2    | Entered Level 2 of the Orcish Mines
 22963 | Orc:2    | Found a staircase to the Elven Halls.
 23261 | Orc:2    | Found Mud Tuvi's Jewellery Boutique.
 23308 | Orc:2    | Reached skill level 14 in Invocations
 23317 | Orc:2    | Reached skill level 1 in Dodging
 23593 | Orc:1    | Found an iron altar of Okawaru.
 23618 | Orc:1    | Noticed Urug
 23627 | Orc:1    | Killed Urug
 23890 | Orc:2    | Found Cokyanac's Jewellery Boutique.
 23908 | Orc:2    | Found Lidaf's Magic Scroll Shoppe.
 23913 | Orc:2    | Found Gyoq Ebbe's Antique Armour Shoppe.
 23932 | Orc:2    | Bought a scroll of summoning for 142 gold pieces
 23934 | Orc:2    | Bought an uncursed ring of resist corrosion for 300 gold
                  | pieces
 23946 | Orc:2    | Bought the ring "Avaun" {rF+ MP+9 Stlth-} for 686 gold
                  | pieces
 23960 | Orc:2    | Bought an uncursed ring of protection from magic for 375
                  | gold pieces
 24104 | Spider:1 | Entered Level 1 of the Spider Nest
 24218 | Spider:1 | Received a gift from Okawaru
 24268 | Spider:1 | Reached XP level 16. HP: 128/144 MP: 27/27
 24654 | Spider:1 | Reached skill level 15 in Invocations
 24942 | Spider:1 | Noticed Louise
 24968 | Spider:1 | Killed Louise
 25496 | Spider:2 | Received a gift from Okawaru
 26448 | Spider:3 | Reached skill level 5 in Dodging
 27696 | Spider:4 | Entered Level 4 of the Spider Nest
 27697 | Spider:4 | Noticed Nikola
 27768 | Spider:4 | Received a gift from Okawaru
 27772 | Spider:4 | Reached skill level 15 in Fighting
 27779 | Spider:4 | Reached XP level 17. HP: 152/156 MP: 28/28
 28110 | Spider:4 | Reached skill level 16 in Invocations
 28749 | Spider:4 | Got a gossamer rune of Zot
 28894 | Spider:4 | Received a gift from Okawaru
 28975 | Spider:4 | Killed Nikola
 29448 | Spider:4 | HP: 5/158 [entropy weaver/+0 glaive (11)]
 30145 | Shoals:1 | Entered Level 1 of the Shoals
 30321 | Shoals:1 | Received a gift from Okawaru
 30950 | Shoals:1 | Found Peam's Book Shop.
 31072 | Shoals:2 | Noticed Polyphemus
 31089 | Shoals:2 | Reached XP level 18. HP: 161/168 MP: 30/30
 31122 | Shoals:2 | Killed Polyphemus
 31125 | Shoals:2 | Received a gift from Okawaru
 31208 | Shoals:2 | Reached skill level 15 in Shields
 31704 | Shoals:2 | Noticed Ilsuiw
 31745 | Shoals:2 | Killed Ilsuiw
 31745 | Shoals:2 | Reached skill level 17 in Invocations
 31801 | Shoals:2 | Found a burning altar of Makhleb.
 32762 | Shoals:3 | Received a gift from Okawaru
 33024 | Shoals:4 | Entered Level 4 of the Shoals
 33421 | Shoals:4 | Got a masterwork spear
 33421 | Shoals:4 | Identified the +4 spear "Tulurrek" {flame, Str+2 Dex+3}
                  | (You found it on level 4 of the Shoals)
 33706 | Shoals:4 | Got a barnacled rune of Zot
 33706 | Shoals:4 | Identified the ring of the Salmon {rElec rPois rN+ Str-3
                  | SInv}
 34052 | Shoals:3 | Identified Roxanne's Papyrus of Changing
 34052 | Shoals:3 | Noticed Roxanne
 34099 | Shoals:3 | Killed Roxanne
 35012 | Shoals:4 | Reached XP level 19. HP: 179/179 MP: 31/31
 35429 | D:13     | Got a steaming cloak
 35439 | D:13     | Identified the +1 cloak "Xiun" {rElec Str+4} (You found it
                  | on level 13 of the Dungeon)
 35529 | D:13     | Found an iron altar of Okawaru.
 35568 | D:13     | Got a warped plate armour
 35583 | D:13     | Identified the +10 plate armour of Beogh's Esteem {rN++
                  | Str+2} (You found it on level 13 of the Dungeon)
 35644 | D:13     | Received a gift from Okawaru
 35733 | D:13     | Found a gate to the Vaults.
 37210 | D:15     | Entered Level 15 of the Dungeon
 37363 | D:15     | Reached skill level 15 in Armour
 37421 | D:15     | Found a portal to a secret trove of treasure.
 37455 | D:15     | Got the ring "Gyovie" {+Fly rElec Str+6 Int+2}
 37644 | D:15     | Found Dykeush's Book Shop.
 37876 | D:15     | Found a staircase to the Depths.
 38101 | Elf:1    | Entered Level 1 of the Elven Halls
 38123 | Elf:1    | Found a radiant altar of Vehumet.
 38358 | Elf:1    | Reached skill level 18 in Invocations
 38502 | Elf:1    | Identified the +2 robe "Nanarpha" {rN+ MR- Int+6}
 38581 | Elf:1    | Identified the Papyrus of the Asp
 38776 | Elf:1    | Received a gift from Okawaru
 38908 | Elf:1    | Found a runed translucent door.
 38911 | Elf:1    | Noticed walterwhite's ghost (adept FoFi)
 39106 | Elf:1    | Killed walterwhite's ghost
 39134 | Elf:1    | Upgraded the game from 0.26-a0-21-gf97e55dc39 to
                  | 0.26-a0-26-ge22fd8933b
 39209 | Elf:2    | Found a runed translucent door.
 39215 | Elf:2    | Noticed Nataf's ghost (adept FeFi)
 39271 | Elf:2    | Killed Nataf's ghost
 39515 | Elf:2    | Received a gift from Okawaru
 39516 | Elf:2    | Found the +3 warlock's mirror {reflect}
 39537 | Elf:2    | Reached XP level 20. HP: 191/191 MP: 33/33
 39713 | Elf:2    | Found Zit Rodung's Jewellery Emporium.
 39714 | Elf:2    | Found Befe's Gadget Boutique.
 39715 | Elf:2    | Found Kysath's Jewellery Emporium.
 39884 | Elf:2    | Found a runed translucent gate.
 39884 | Elf:2    | Found a runed translucent gate.
 39884 | Elf:2    | Found a runed translucent gate.
 40019 | Elf:2    | Learned a level 4 spell: Summon Lightning Spire
 40267 | Elf:2    | Reached skill level 1 in Summonings
 40398 | Elf:2    | Reached skill level 1 in Air Magic
 40617 | Elf:3    | Entered Level 3 of the Elven Halls
 40653 | Elf:3    | Found an ancient bone altar of Kikubaaqudgha.
 41092 | Elf:3    | Identified the +10 great mace "Zotir" {flame, MP+9 SInv}
 41124 | Elf:3    | Identified the +6 executioner's axe "Demonbane" {flame,
                  | Str+2 Int+4}
 41124 | Elf:3    | Identified the +4 flail of Vienuh {vorpal, rC+ rN+}
 41151 | Elf:3    | Received a gift from Okawaru
 41165 | Elf:3    | Noticed a Tzitzimitl
 41799 | Elf:3    | Noticed a Tzitzimitl
 41985 | Elf:3    | Identified the amulet "Duvic" {RegenMP rC+ Dex+4 Slay+2}
 42325 | Elf:3    | Found the amulet of the Air {Inacc +Fly rElec EV+5 RMsl}
 42761 | Vaults:1 | Entered Level 1 of the Vaults
 42871 | Vaults:1 | Noticed Asterion
 42879 | Vaults:1 | Killed Asterion
 42879 | Vaults:1 | Reached skill level 19 in Invocations
 42879 | Vaults:1 | Reached XP level 21. HP: 133/201 MP: 34/34
 43103 | Vaults:1 | Received a gift from Okawaru
 43874 | Vaults:1 | Reached skill level 10 in Dodging
 44589 | Vaults:2 | Found Saidekhluhe's Jewellery Shoppe.
 44801 | Vaults:2 | Received a gift from Okawaru
 45150 | Vaults:2 | Found a basalt altar of Yredelemnul.
 45433 | Vaults:2 | Reached XP level 22. HP: 208/213 MP: 35/35
 46112 | Vaults:3 | Received a gift from Okawaru
 46150 | Vaults:3 | Reached skill level 20 in Invocations
 47191 | Vaults:3 | Found a staircase to the Crypt.
 47207 | Vaults:3 | Received a gift from Okawaru
 47211 | Vaults:3 | Got a steaming quarterstaff {god gift}
 47458 | Vaults:3 | Reached skill level 1 in Spellcasting
 47739 | Vaults:4 | Reached skill level 5 in Summonings
 48099 | Vaults:4 | Reached XP level 23. HP: 203/224 MP: 37/37
 48377 | Vaults:4 | Found a runed translucent door.
 48377 | Vaults:4 | Noticed Owio's ghost (adept MiGl)
 48418 | Vaults:4 | Killed Owio's ghost
 48418 | Vaults:4 | Received a gift from Okawaru
 48543 | Vaults:4 | Reached skill level 5 in Air Magic
 49003 | Vaults:5 | Entered Level 5 of the Vaults
 49011 | Vaults:5 | Noticed an ancient lich
 49029 | Vaults:5 | Paralysed by an ancient lich for 5 turns
 49035 | Vaults:5 | HP: 8/225 [tengu reaver/+1 battleaxe of freezing (7)]
 49043 | Vaults:5 | Received a gift from Okawaru
 49195 | Vaults:5 | Got a jewelled broad axe {god gift}
 49218 | Vaults:5 | Killed an ancient lich
 49218 | Vaults:5 | Received a gift from Okawaru
 49395 | Vaults:5 | Reached skill level 21 in Invocations
 49545 | Vaults:5 | Received a gift from Okawaru
 49694 | Vaults:5 | Identified the +8 broad axe of Zein {vorpal, rC+ Int+2}
                  | (Okawaru gifted it to you on level 5 of the Vaults)
 49754 | Vaults:5 | Found the ring of the Octopus King
 49793 | Vaults:5 | Got a ring of the Octopus King
 49797 | Vaults:5 | Identified a ring of the Octopus King {rC+ AC+1 EV+1 Str+1
                  | Int+1 Dex+1} (You found it on level 5 of the Vaults)
 49830 | Vaults:5 | Got a silver rune of Zot
 49893 | Vaults:5 | Reached XP level 24. HP: 236/236 MP: 37/37
 50283 | Vaults:5 | Identified the +2 chain mail of Ymor {Int+3 Slay+3 Stlth+}
 50365 | Vaults:5 | Reached skill level 5 in Spellcasting
 50383 | Vaults:5 | Identified the +5 scale mail "Koathad" {rF+ Slay+3}
 50451 | Vaults:5 | Received a gift from Okawaru
 50707 | Vaults:5 | Cast into level 3 of the Abyss (+4 halberd of distortion)
 50946 | Abyss:3  | Received a gift from Okawaru
 50958 | Vaults:5 | Escaped the Abyss
 51251 | Vaults:5 | Reached XP level 25. HP: 245/245 MP: 37/37
 51392 | Vaults:5 | Found Zihonuot's Weapon Boutique.
 52026 | Depths:1 | Entered Level 1 of the Depths
 52239 | Depths:1 | Found a one-way gate to the infinite horrors of the Abyss.
 52433 | Depths:1 | Found Ticsuguodgh's Antique Weapon Shoppe.
 52478 | Depths:1 | Found a gateway to Hell.
 53039 | Depths:1 | Upgraded the game from 0.26-a0-26-ge22fd8933b to
                  | 0.26-a0-28-gc929df5585
 53092 | Depths:2 | Reached XP level 26. HP: 245/256 MP: 37/37
 53126 | Depths:2 | Noticed a juggernaut
 53150 | Depths:2 | Killed a juggernaut
 53171 | Depths:2 | Reached skill level 22 in Invocations
 53208 | Depths:2 | Received a gift from Okawaru
 53715 | Depths:2 | Identified the Collected Works on Supportive Aid
 53989 | Depths:2 | Found a blossoming altar of Fedhas.
 55650 | Depths:3 | Reached skill level 23 in Invocations
 55731 | Depths:3 | Received a gift from Okawaru
 56034 | Depths:3 | Found a one-way gate leading to the halls of Pandemonium.
 56495 | Depths:4 | Found a transporter.
 56513 | Depths:4 | Found a transporter.
 56536 | Depths:4 | Reached XP level 27. HP: 179/264 MP: 38/38
 57347 | Depths:4 | Received a gift from Okawaru
 57371 | Depths:4 | Got a pair of buzzing gloves {god gift}
 57394 | Depths:4 | Identified the +0 pair of gloves "Dusmesur" {rN+} (Okawaru
                  | gifted it to you on level 4 of the Depths)
 57418 | Depths:4 | Got a pair of masterwork boots
 57435 | Depths:4 | Got a coiled amber ring
 57437 | Depths:4 | Identified the ring "Ecuem" {MP+9 Dex+3} (You found it on
                  | level 4 of the Depths)
 57491 | Depths:5 | Entered Level 5 of the Depths
 57536 | Depths:5 | Found a gateway to a ziggurat.
 57671 | Depths:5 | Found a flickering gateway to a bazaar.
 57682 | Bazaar   | Entered a bazaar
 57686 | Bazaar   | Found Cyoso's Jewellery Boutique.
 57704 | Bazaar   | Found Fiublamm's Antique Weapon Emporium.
 57721 | Bazaar   | Found Peushah's Distillery.
 57738 | Bazaar   | Found Cima's Antique Armour Shoppe.
 57891 | Depths:5 | Identified the +1 pair of boots "Zamukh" {rF- rCorr Dex+5
                  | Slay+2} (You found it on level 4 of the Depths)
 58130 | Depths:5 | Reached skill level 24 in Invocations
 58825 | Depths:5 | Found a gate to the Realm of Zot.
 58858 | Depths:5 | Noticed Saint Roka
 58892 | Depths:5 | Killed Saint Roka
 59453 | Zot:1    | Entered Level 1 of the Realm of Zot
 59464 | Zot:1    | Received a gift from Okawaru
 60096 | Depths:5 | Upgraded the game from 0.26-a0-28-gc929df5585 to
                  | 0.26-a0-36-g11e0b32562
 60264 | Zot:1    | Noticed an orb of fire
 60271 | Zot:1    | Gained mutation: You do not regenerate when monsters are
                  | visible. [an orb of fire]
 60273 | Zot:1    | Gained mutation: You are frail. (-10% HP) [an orb of fire]
 60289 | Zot:1    | Killed an orb of fire
 60542 | Zot:1    | Reached skill level 25 in Invocations
 60726 | Zot:1    | Found a runed translucent door.
 60727 | Zot:1    | Noticed Lafuixat's ghost (legendary MfGl)
 61542 | Zot:2    | Received a gift from Okawaru
 63251 | Zot:3    | Reached skill level 26 in Invocations
 64049 | Zot:3    | Received a gift from Okawaru
 64052 | Zot:3    | Got a bone war axe {god gift}
 64061 | Zot:3    | Identified the +1 war axe of Disharmony {speed, Stlth+}
                  | (Okawaru gifted it to you on level 3 of the Realm of Zot)
 64151 | Zot:3    | Upgraded the game from 0.26-a0-36-g11e0b32562 to
                  | 0.26-a0-40-gfe7b5d5a6f
 65112 | Zot:5    | Entered Level 5 of the Realm of Zot
 65263 | Zot:5    | Received a gift from Okawaru
 65755 | Zot:5    | Reached skill level 27 in Invocations
 65829 | Zot:5    | Noticed an ancient lich
 65853 | Zot:5    | Killed an ancient lich
 65864 | Zot:5    | Noticed an orb of fire
 65864 | Zot:5    | Noticed an ancient lich
 65866 | Zot:5    | Gained mutation: Scrolls take you a little longer to read.
                  | [an orb of fire]
 65896 | Zot:5    | Cast into level 5 of the Abyss (an ancient lich)
 65896 | Abyss:5  | Entered Level 5 of the Abyss
 65940 | Abyss:5  | Gained mutation: Your magical capacity is low. (-10% MP) [a
                  | neqoxec]
 66369 | Abyss:5  | Gained mutation: [You are clumsy. (Dex -2)] [a cacodemon]
 66733 | Zot:5    | Escaped the Abyss
 66743 | Zot:5    | Killed an ancient lich
 67080 | Zot:5    | Noticed an ancient lich
 67109 | Zot:5    | Noticed an ancient lich
 67122 | Zot:5    | Killed an ancient lich
 67122 | Zot:5    | Received a gift from Okawaru
 67128 | Zot:5    | Killed an ancient lich
 67716 | Zot:5    | Noticed an ancient lich
 67719 | Zot:5    | Reached skill level 15 in Dodging
 67719 | Zot:5    | Noticed an ancient lich
 67720 | Zot:5    | Noticed an ancient lich
 67722 | Zot:5    | Noticed an ancient lich
 67725 | Zot:5    | Cast into level 5 of the Abyss (an ancient lich)
 67725 | Abyss:5  | Entered Level 5 of the Abyss
 67812 | Abyss:5  | Found a shimmering altar of Xom.
 67822 | Zot:5    | Escaped the Abyss
 67845 | Zot:5    | Cast into level 5 of the Abyss (an ancient lich)
 67845 | Abyss:5  | Entered Level 5 of the Abyss
 67850 | Abyss:5  | Found a corrupted altar of Lugonu.
 68274 | Abyss:5  | Killed from afar by a smoke demon

Illustrated notes

Levels and vault maps discovered:
D:1:      psy_arrival_terrarium, layout_rooms, hex_intersection,
          kennysheep_doodads, lemuel_old_faithful
D:2:      layout_basic, riverfiend_overflow_shadow_ancestor, uniq_sigmund
D:3:      layout_rooms, okawaru_metal_pillars_1_2, uniq_terence
D:4:      layout_basic, demons_altar, first_ration, dk_rats_in_the_wall,
          uniq_blork_the_orc, uniq_duvessa, uniq_crazy_yiuf_cottage
D:5:      layout_loops_ring, lemuel_round_altar, serial_shops, shop
D:6:      layout_basic, uniq_eustachio, uniq_menkaure, uniq_pikel
D:7:      minmay_chambers_of_sixes, layout_basic, lightli_temple_of_fire,
          nicolae_overflow_hidden_temple, minmay_temple_entry_proselytizer,
          uniq_joseph
D:8:      layout_basic, hangedman_little_slice_of_home,
          minmay_stone_trees_large, chequers_mini_garden,
          kennysheep_pointless_box, fedhas_altar_1
D:9:      layout_stronghold, zin_angel, kiku_gazebo_garden_becter, basic_altar
D:10:     layout_roguey, minmay_rotating_lava
D:11:     layout_rooms, lair_entry_dummy, david_orc_5
D:12:     layout_rooms
D:13:     evilmike_iron_armoury, layout_loops_ring,
          skrybe_vaults_entry_preservation
D:14:     wad_woods_pond, layout_cave_pods
D:15:     gammafunk_enter_depths_forms, layout_rooms, serial_shops, shop,
          nicolae_trove_entry_free_sample
Lair:1:   layout_regular_city, serial_bayou, serial_bayou_pond_b,
          serial_bayou_pond_b, serial_bayou_lagoon_b, serial_bayou_shore_b,
          lightli_volcano_entry_magma_tube, beast_lair_carwin_6
Lair:2:   layout_long_grid, shoals_dummy_entry, spider_nest_entry_rubble
Lair:3:   lemuel_slime, layout_cave_pods
Lair:4:   layout_cave_pods, chequers_serial_rivers_room_b, beast_lair_carwin_9,
          uniq_josephine
Lair:5:   layout_gridlike, portal_ice_cave_entry_pillars_1, grunt_megastairs_2,
          infiniplex_staircase_pool
Lair:6:   hangedman_lair_in_review, layout_regular_city, wormcave,
          slime_altar_2, grunt_forest_large_clearing_hut,
          minmay_lair_oklob_chamber
Shoals:1: layout_shoals, serial_shops, shop
Shoals:2: layout_shoals, lemuel_oklob_altar, uniq_polyphemus, uniq_ilsuiw
Shoals:3: layout_shoals, uniq_roxanne
Shoals:4: shoals_end_grunt_garden, layout_shoals, nicolae_shoals_this_corrosion
Spider:1: layout_spider_delve, uniq_louise
Spider:2: layout_spider_delve
Spider:3: layout_chambers
Spider:4: spider_rune_water, minmay_another_anthill, uniq_nikola
Orc:1:    layout_caves, david_defended_altar_orc, uniq_urug
Orc:2:    st_orc_elflike, layout_diamond_mine
Elf:1:    eino_elf_arrival_altar, layout_loops_ring, ebering_ghost_inner_flame,
          minmay_elf_sorcery
Elf:2:    layout_geoelf_diagonals, gammafunk_ghost_grave, lemuel_flamethrower_3,
          minmay_shop_grove
Elf:3:    grunt_elf_hall_branching, layout_gridlike, basic_altar,
          lemuel_statue_altar
Vaults:1: ontoclasm_vaults_idyll, ontoclasm_vaults_eye, grunt_vaults_focal,
          v_alt_pattern_3, ontoclasm_vaults_ring_square, v_misc_9,
          sword_in_stone, v_misc_25, vaults_room_fours, vaults_dpeg_doors,
          v_alt_pattern_6, nicolae_vaults_border_crossing, v_alt_pattern_1,
          v_misc_22, layout_vaults_big_cross
Vaults:2: hangedman_vaults_restitches, nicolae_vaults_little_squares_6,
          nicolae_vaults_network_star, vaults_room_hallway,
          hangedman_vaults_capsules, vaults_room_door_ring, v_misc_19, v_misc_1,
          v_rooms_4, ontoclasm_vaults_shout, layout_vaults_omnibox, basic_altar,
          portal_desolation_entry_salt, serial_shops, shop
Vaults:3: v_pattern_1, minmay_crypt_entry_simple_round,
          nicolae_vaults_rhombus_6, vaults_dpeg_hooks, nicolae_vaults_network_s,
          v_misc_25, nicolae_vaults_circle_grid_b, hangedman_vaults_hat,
          v_misc_13, vaults_mumra_hexcomb, nicolae_vaults_mini_display_case,
          layout_vaults_big_room
Vaults:4: gammafunk_vaults_ghost_grave, nicolae_vaults_rhombus_5,
          grunt_vaults_bifocal, v_misc_22, hangedman_vaults_maws,
          vaults_room_fancy_cross, nicolae_vaults_circle_grid_a, kb_rosetta,
          vaults_room_hallway, v_misc_13, layout_vaults_omnigrid
Vaults:5: serial_shops
Depths:1: layout_roguey, abyss_entry, grunt_decor_cap, serial_shops,
          kennysheep_mini, hell_entry, water_maze_lemuel
Depths:2: minmay_complete_graph, layout_basic, kennysheep_nub,
          hangedman_geh_valley, drop_trap, kennysheep_small_circle
Depths:3: hangedman_crystal_crosses_colossus [crystal_crosses_arms_four,
          crystal_crosses_arms_two, crystal_crosses_arms_two,
          crystal_crosses_arms_one], pan_entry, serial_shops, abyss_entry,
          hell_entry
Depths:4: gammafunk_the_bubble [the_bubble_gammafunk_plus_minus], layout_basic,
          abyss_entry, pf_hell_entry_tar_river, nicolae_benzene_ring
Depths:5: grunt_zot_entry_alcove, layout_basic, enter_ziggurat_e,
          grunt_mini_vestibule, serial_shops, bzr_entry_customers,
          serial_corexii_hall, chequers_hall_statues_y, corexii_hall_statues_i,
          nicolae_two_hexagons, minmay_misc_feat_tower,
          chequers_serial_rivers_micro_a, serial_bayou_shore_b, uniq_saint_roka
Zot:1:    layout_onion_interference, ebering_ghost_reflecting_pool
Zot:2:    layout_gridlike
Zot:3:    layout_gridlike
Zot:4:    layout_onion
Zot:5:    layout_basic
Abyss:5:  base: D:8, evilmike_abyss_exit_vortex, minivault_5,
          hangedman_abyss_mock_shop, hangedman_abyss_rune_macabre_mess,
          evilmike_abyss_exit_13, dshaligram_kb_abyss_rune_zappy_water_cross,
          evilmike_abyss_rune_siren_acolytes, base: D:7,
          guppyfry_abyss_exit_glass_guarded,
          hangedman_abyss_rune_flesh_and_stone, bh_abyss_exit_spiral,
          bh_abyss_xom_lugonu_altar, nicolae_abyss_rune_left_handed, base:
          Spider:3, nicolae_abyss_rune_star_stuff,
          grunt_abyss_exit_deep_breaths, guppyfry_abyss_exit_imp_island,
          gammafunk_abyss_exit_x_factor, hangedman_eye_storm,
          grunt_abyss_rune_wretched_hive

Skill      XL: |  1  2  3  4  5  6  7  8  9 10 11 12 13 14 15 16 17 18 19 20 21 22 23 24 25 26 27 |
---------------+----------------------------------------------------------------------------------+-----
Axes           | 3 4 5 6 7 9 10 12 14 15 16 18 | 18.0
Fighting       | 4 5 6 7 8 10 11 12 13 15 16 18 19 20 21 22 23 24 | 24.7
Armour         | 4 5 6 7 8 9 10 11 12 13 14 15 16 17 18 20 22 | 22.6
Shields        | 4 5 6 7 8 9 10 11 13 14 15 16 17 18 19 20 23 | 23.1
Invocations    | 1 3 5 6 8 9 10 11 12 14 15 16 17 18 19 20 21 23 27 | 27.0
Evocations     | 2 4 6 |  6.0
Dodging        | 3 5 6 7 9 10 15 | 15.4
Summonings     | 4 5 6 |  6.0
Air Magic      | 3 4 5 6 |  6.0
Spellcasting   | 2 4 6 7 |  7.0

Action                   |  1- 3 |  4- 6 |  7- 9 | 10-12 | 13-15 | 16-18 | 19-21 | 22-24 | 25-27 || total
-------------------------+-------+-------+-------+-------+-------+-------+-------+-------+-------++-------
Melee: War axe           |   114 |   130 |       |       |       |       |       |       |       ||   244
       Morningstar       |       |    17 |   395 |   677 |       |       |       |       |       ||  1089
       Broad axe         |       |       |       |   232 |  1034 |  1417 |  1377 |  1168 |  2498 ||  7726
 Cast: Summon Lightning  |       |       |       |       |       |       |       |       |     1 ||     1
Invok: Heroism           |       |       |    10 |    22 |    12 |    24 |    15 |    14 |    60 ||   157
       Finesse           |       |       |       |     1 |     3 |     8 |     3 |     3 |    18 ||    36
 Abil: Evoke Flight      |       |       |       |     2 |     3 |       |       |       |     1 ||     6
  Use: Potion            |       |     1 |     1 |       |       |     1 |       |     4 |    15 ||    22
       Scroll            |       |       |    10 |    11 |    11 |     2 |     5 |     2 |    20 ||    61
 Stab: Distracted        |       |       |       |       |       |     1 |     1 |     1 |     2 ||     5
       Petrified         |       |       |       |       |       |     6 |       |       |       ||     6
       Petrifying        |       |       |       |       |       |     1 |       |       |       ||     1
       Confused          |       |       |       |       |       |       |       |       |     1 ||     1
  Eat: Chunk             |     1 |     3 |    11 |    18 |    28 |    26 |    28 |    17 |    28 ||   160
       Ration            |       |       |     2 |     3 |       |     3 |     2 |     1 |     9 ||    20
Armor: Scale mail        |    43 |       |       |       |       |       |       |       |       ||    43
       Chain mail        |    38 |    52 |       |       |       |       |       |       |       ||    90
       Plate armour      |       |    54 |   215 |   449 |   334 |   406 |   201 |   268 |   384 ||  2311
       Gold dragon scale |       |       |       |       |       |       |       |       |   169 ||   169
Dodge: Dodged            |    40 |    42 |    48 |   155 |   151 |   219 |   176 |   187 |   510 ||  1528
Block: Kite shield       |    66 |    76 |   201 |   605 |   796 |    81 |       |       |       ||  1825
       Reflection        |       |       |       |    13 |    35 |   105 |   158 |    92 |    94 ||   497
       Tower shield      |       |       |       |       |       |  1463 |  1177 |  1141 |  2388 ||  6169

Table legend:
 A = Non-vault XP
 B = Vault XP
 C = Vault XP percentage of total XP
 D = Non-vault monster count
 E = Vault monster count
 F = Vault count percentage of total count
                 A         B        C        D         E       F
            +---------+---------+-------+---------+---------+-------
      Total |  950537 |  726090 |  43.3 |    1739 |     813 |  31.9
            +---------+---------+-------+---------+---------+-------
        D:1 |      33 |       0 |   0.0 |      18 |       0 |   0.0
        D:2 |     226 |     212 |  48.4 |      25 |       1 |   3.8
        D:3 |     176 |      36 |  17.0 |      28 |       1 |   3.4
        D:4 |     520 |     444 |  46.1 |      12 |       6 |  33.3
        D:5 |     217 |       0 |   0.0 |      11 |       0 |   0.0
        D:6 |     872 |    1031 |  54.2 |      28 |       3 |   9.7
        D:7 |    1342 |     800 |  37.3 |      26 |       7 |  21.2
        D:8 |    1717 |     163 |   8.7 |      39 |       8 |  17.0
        D:9 |    1349 |       0 |   0.0 |      21 |       0 |   0.0
       D:10 |    3032 |     435 |  12.5 |      24 |       5 |  17.2
       D:11 |    9558 |     476 |   4.7 |      48 |      19 |  28.4
       D:12 |    1366 |       0 |   0.0 |      12 |       0 |   0.0
       D:13 |    2171 |   10683 |  83.1 |      10 |      28 |  73.7
       D:14 |    2597 |      48 |   1.8 |      20 |       1 |   4.8
       D:15 |   10805 |    3682 |  25.4 |      30 |      11 |  26.8
     Lair:1 |    2972 |    1192 |  28.6 |      15 |       8 |  34.8
     Lair:2 |    3925 |     313 |   7.4 |      11 |       1 |   8.3
     Lair:3 |    5517 |     808 |  12.8 |      23 |      24 |  51.1
     Lair:4 |    1940 |    2986 |  60.6 |       6 |       8 |  57.1
     Lair:5 |    7750 |     242 |   3.0 |      35 |       2 |   5.4
     Lair:6 |   20220 |   19719 |  49.4 |      45 |      46 |  50.5
   Shoals:1 |   14622 |       0 |   0.0 |      33 |       0 |   0.0
   Shoals:2 |   13042 |    9647 |  42.5 |      29 |      10 |  25.6
   Shoals:3 |   20922 |    2563 |  10.9 |      42 |       2 |   4.5
   Shoals:4 |    8298 |   18518 |  69.1 |      20 |      30 |  60.0
   Spider:1 |   17928 |    1562 |   8.0 |      57 |       1 |   1.7
   Spider:2 |   23292 |       0 |   0.0 |      46 |       0 |   0.0
   Spider:3 |   14927 |      34 |   0.2 |      40 |       1 |   2.4
   Spider:4 |   18059 |   32727 |  64.4 |      41 |      69 |  62.7
      Orc:1 |    1967 |     999 |  33.7 |      23 |       4 |  14.8
      Orc:2 |    3830 |    7809 |  67.1 |      37 |      24 |  39.3
      Elf:1 |   19074 |   16444 |  46.3 |      32 |      21 |  39.6
      Elf:2 |   20463 |   22728 |  52.6 |      33 |      29 |  46.8
      Elf:3 |   10158 |   43230 |  81.0 |      17 |      29 |  63.0
   Vaults:1 |   40525 |   22915 |  36.1 |      78 |      20 |  20.4
   Vaults:2 |   37658 |   24203 |  39.1 |      66 |      36 |  35.3
   Vaults:3 |   42899 |   23087 |  35.0 |      65 |      29 |  30.9
   Vaults:4 |   48907 |    7329 |  13.0 |      73 |       6 |   7.6
   Vaults:5 |   40984 |  140460 |  77.4 |      50 |      97 |  66.0
   Depths:1 |   38370 |    1958 |   4.9 |      52 |       2 |   3.7
   Depths:2 |   38498 |   27310 |  41.5 |      44 |      22 |  33.3
   Depths:3 |    2211 |   78433 |  97.3 |       2 |      55 |  96.5
   Depths:4 |   28080 |   32594 |  53.7 |      36 |      22 |  37.9
   Depths:5 |   45879 |   34245 |  42.7 |      46 |      35 |  43.2
      Zot:1 |   77238 |       0 |   0.0 |      48 |       0 |   0.0
      Zot:2 |   44006 |       0 |   0.0 |      29 |       0 |   0.0
      Zot:3 |   80821 |       0 |   0.0 |      48 |       0 |   0.0
      Zot:4 |   31155 |       0 |   0.0 |      13 |       0 |   0.0
      Zot:5 |   32760 |  104251 |  76.1 |      18 |      29 |  61.7
    Abyss:3 |    7601 |   13866 |  64.6 |      16 |      14 |  46.7
    Abyss:5 |   48058 |    1265 |   2.6 |     118 |       5 |   4.1
      IceCv |       0 |    9618 | 100.0 |       0 |      36 | 100.0
    Volcano |       0 |    5025 | 100.0 |       0 |       6 | 100.0
            +---------+---------+-------+---------+---------+-------
